TOP OF THE 1ST |
Roy Eagle Squadron batting - Pitching for Quincy Doughboys : RHP Fernando Fuentes
|
Pitching: RHP Fernando Fuentes
|
|
Batting: LHB Kelsey Scott
|
0-0: Called Strike 0-1: Ball 1-1: Ball 2-1: Fly out, F2 (Popup, 25F)
|
Batting: RHB Ken Miller
|
0-0: Ball 1-0: Fly out, F3 (Popup, 3D)
|
Batting: RHB Tony Hernández
|
0-0: Ball 1-0: Ball 2-0: Fly out, F1 (Popup, 23F)
|
Top of the 1st over - 0 run(s), 0 hit(s), 0 error(s), 0 left on base; Roy 0 - Quincy 0 |
BOTTOM OF THE 1ST |
Quincy Doughboys batting - Pitching for Roy Eagle Squadron : RHP Tony Gaiván
|
Pitching: RHP Tony Gaiván
|
|
Batting: LHB Marv Gardner
|
0-0: Called Strike 0-1: Foul Ball, location: 2F 0-2: Ground out 4-3 (Groundball, 4)
|
Batting: RHB Marlon Hernández
|
0-0: Ball 1-0: Ball 2-0: Foul Ball, location: 2F 2-1: DOUBLE (Line Drive, 7LS)
|
Batting: RHB Orlando Márquez
|
0-0: Called Strike 0-1: 2-RUN HOME RUN (Flyball, 78XD), Distance : 426 ft
|
Batting: RHB Ken Sánchez
|
0-0: Called Strike 0-1: Fly out, F8 (Line Drive, 8LM)
|
Batting: RHB Miguel Cervantes
|
0-0: Called Strike 0-1: Swinging Strike 0-2: Strikes out swinging
|
Bottom of the 1st over - 2 run(s), 2 hit(s), 0 error(s), 0 left on base; Roy 0 - Quincy 2 |
TOP OF THE 2ND |
Roy Eagle Squadron batting - Pitching for Quincy Doughboys : RHP Fernando Fuentes
|
Batting: RHB José Vidal
|
0-0: Ball 1-0: Called Strike 1-1: Fly out, F9 (Line Drive, 9S)
|
Batting: SHB Fernando Borges
|
0-0: SINGLE (Line Drive, 89M)
|
Batting: RHB Ben Ware
|
0-0: Ball 1-0: Foul Ball, location: 2F 1-1: Ball 2-1: Ball 3-1: DOUBLE (Line Drive, 89M) Fernando Borges to third Runner from 3rd tries for Home, SAFE, throw made at trailing runner, SAFE at third!
|
Batting: SHB Alex Stewart
|
0-0: Ball 1-0: SINGLE (Groundball, 56) (infield hit) Ben Ware scores
|
Batting: RHB Chad Battle
|
0-0: Called Strike 0-1: Ball 1-1: Foul Ball, location: 2F 1-2: Ball Wild Pitch! Alex Stewart to second 2-2: Foul Ball, location: 2F 2-2: Foul Ball, location: 2F 2-2: SINGLE (Line Drive, 8LS) Alex Stewart to third Runner from 3rd tries for Home, SAFE, no throw or cutoff
|
Batting: RHB Albert Valancía
|
0-0: Called Strike 0-1: Called Strike 0-2: Strikes out swinging
|
Batting: LHB Kelsey Scott
|
0-0: Fly out, F8 (Popup, 8RS)
|
Top of the 2nd over - 3 run(s), 4 hit(s), 0 error(s), 1 left on base; Roy 3 - Quincy 2 |
BOTTOM OF THE 2ND |
Quincy Doughboys batting - Pitching for Roy Eagle Squadron : RHP Tony Gaiván
|
Batting: RHB Clifton Sturt
|
0-0: Ball 1-0: SINGLE (Flyball, 78S)
|
Batting: RHB Júlio Contreras
|
0-0: Called Strike 0-1: Ground out 5-3 (Groundball, 5S) Clifton Sturt to second
|
Batting: LHB Guillermo Santos
|
0-0: Ball 1-0: Foul Ball, location: 2F 1-1: Foul Ball, location: 2F 1-2: Ball 2-2: Ground out 1-3 (Groundball, 13S) Clifton Sturt to third
|
Batting: RHB Joel García
|
0-0: Ground out 6-3 (Groundball, 6)
|
Bottom of the 2nd over - 0 run(s), 1 hit(s), 0 error(s), 1 left on base; Roy 3 - Quincy 2 |
TOP OF THE 3RD |
Roy Eagle Squadron batting - Pitching for Quincy Doughboys : RHP Fernando Fuentes
|
Batting: RHB Ken Miller
|
0-0: Called Strike 0-1: Foul Ball, location: 2F 0-2: Ball 1-2: Ground out 6-3 (Groundball, 6)
|
Batting: RHB Tony Hernández
|
0-0: Swinging Strike 0-1: Ball 1-1: Ball 2-1: Ground out U3 (Groundball, 3S)
|
Batting: RHB José Vidal
|
0-0: Called Strike 0-1: Ball 1-1: Swinging Strike 1-2: Foul Ball, location: 2F 1-2: Foul Ball, location: 2F 1-2: Ball 2-2: Ball 3-2: Strikes out swinging
|
Top of the 3rd over - 0 run(s), 0 hit(s), 0 error(s), 0 left on base; Roy 3 - Quincy 2 |
BOTTOM OF THE 3RD |
Quincy Doughboys batting - Pitching for Roy Eagle Squadron : RHP Tony Gaiván
|
Batting: LHB Marv Gardner
|
0-0: Fly out, F3 (Popup, 23F)
|
Batting: RHB Marlon Hernández
|
0-0: SINGLE (Groundball, 6D)
|
Batting: RHB Orlando Márquez
|
0-0: Ball 1-0: Ball 2-0: Foul Ball, location: 2F 2-1: Ball 3-1: Grounds into double play, 4-6-3 (Groundball, 34)
|
Bottom of the 3rd over - 0 run(s), 1 hit(s), 0 error(s), 0 left on base; Roy 3 - Quincy 2 |
TOP OF THE 4TH |
Roy Eagle Squadron batting - Pitching for Quincy Doughboys : RHP Fernando Fuentes
|
Batting: SHB Fernando Borges
|
Single, Error in OF, E7, batter to second base
|
Batting: RHB Ben Ware
|
0-0: Ball 1-0: Ground out 6-3 (Groundball, 6M) Fernando Borges to third
|
Batting: SHB Alex Stewart
|
0-0: Fly out, F8 (Popup, 6MD)
|
Batting: RHB Chad Battle
|
0-0: Ball 1-0: Called Strike 1-1: Ground out 6-3 (Groundball, 6M)
|
Top of the 4th over - 0 run(s), 1 hit(s), 1 error(s), 1 left on base; Roy 3 - Quincy 2 |
BOTTOM OF THE 4TH |
Quincy Doughboys batting - Pitching for Roy Eagle Squadron : RHP Tony Gaiván
|
Batting: RHB Ken Sánchez
|
0-0: Foul Ball, location: 2F 0-1: Foul Ball, location: 2F 0-2: Ground out 4-3 (Groundball, 4)
|
Batting: RHB Miguel Cervantes
|
0-0: Called Strike 0-1: Ball 1-1: Swinging Strike 1-2: SINGLE (Line Drive, 6MD)
|
Batting: RHB Clifton Sturt
|
0-0: Foul Ball, location: 2F 0-1: Called Strike 0-2: DOUBLE (Line Drive, 7LM) Miguel Cervantes to third
|
Batting: RHB Júlio Contreras
|
0-0: Called Strike 0-1: Foul Ball, location: 2F 0-2: SINGLE (Flyball, 9LS) Miguel Cervantes scores Clifton Sturt to third Runner from 3rd tries for Home, SAFE, throw made home Júlio Contreras to second
|
Batting: LHB Guillermo Santos
|
0-0: DOUBLE (Line Drive, 9LS) Júlio Contreras scores
|
Batting: RHB Joel García
|
0-0: Called Strike 0-1: Ball 1-1: Ground out 5-3 (Groundball, 5)
|
Batting: LHB Marv Gardner
|
0-0: DOUBLE (Flyball, 78M) Guillermo Santos scores
|
Batting: RHB Marlon Hernández
|
0-0: Foul Ball, location: 2F 0-1: Foul Ball, location: 2F 0-2: Ball 1-2: Foul Ball, location: 2F 1-2: Ball 2-2: Ground out 1-3 (Groundball, 15)
|
Bottom of the 4th over - 4 run(s), 5 hit(s), 0 error(s), 1 left on base; Roy 3 - Quincy 6 |
TOP OF THE 5TH |
Roy Eagle Squadron batting - Pitching for Quincy Doughboys : RHP Fernando Fuentes
|
Batting: RHB Albert Valancía
|
0-0: Swinging Strike 0-1: SINGLE (Line Drive, 8LS)
|
Batting: LHB Kelsey Scott
|
0-0: Ball 1-0: Foul Ball, location: 2F 1-1: Swinging Strike 1-2: Strikes out swinging
|
Batting: RHB Ken Miller
|
0-0: Called Strike 0-1: Foul Ball, location: 2F 0-2: Reached on error, E5 (Groundball, 56) Albert Valancía to second
|
Batting: RHB Tony Hernández
|
0-0: Called Strike 0-1: Ball 1-1: Swinging Strike 1-2: DOUBLE (Flyball, 8LM) Albert Valancía scores Ken Miller to third
|
Pitching: RHP Manuel Castro
|
|
Batting: RHB José Vidal
|
0-0: Ball 1-0: Foul Ball, location: 2F 1-1: SINGLE (Groundball, 5D) Ken Miller scores Tony Hernández to third Runner from 3rd tries for Home, SAFE, no throw or cutoff
|
Batting: SHB Fernando Borges
|
0-0: Called Strike José Vidal is caught stealing 2nd base 0-1: Ball 1-1: DOUBLE (Line Drive, 9LS)
|
Batting: RHB Ben Ware
|
0-0: Foul Ball, location: 2F 0-1: DOUBLE (Line Drive, 8LS) Fernando Borges scores
|
Batting: SHB Alex Stewart
|
0-0: Called Strike 0-1: Ball 1-1: Ball 2-1: Foul Ball, location: 2F 2-2: Foul Ball, location: 2F 2-2: Ball 3-2: Ground out 5-3 (Groundball, 56)
|
Top of the 5th over - 4 run(s), 5 hit(s), 1 error(s), 1 left on base; Roy 7 - Quincy 6 |
BOTTOM OF THE 5TH |
Quincy Doughboys batting - Pitching for Roy Eagle Squadron : RHP Tony Gaiván
|
Batting: RHB Orlando Márquez
|
0-0: Ball 1-0: SINGLE (Popup, 9S)
|
Batting: RHB Ken Sánchez
|
0-0: Ball 1-0: Fly out, F2 (Popup, 2RF)
|
Batting: RHB Miguel Cervantes
|
0-0: Ball 1-0: Called Strike 1-1: Ball 2-1: Foul Ball, location: 2F 2-2: Strikes out swinging
|
Batting: RHB Clifton Sturt
|
0-0: Reached on Error, E7 (Flyball, 78S) Orlando Márquez to third
|
Batting: RHB Júlio Contreras
|
0-0: Called Strike 0-1: Called Strike 0-2: Ball 1-2: Ball 2-2: Ball 3-2: SINGLE (Groundball, 4M) Orlando Márquez scores Clifton Sturt to third Clifton Sturt scores
|
Pitching: RHP José Rivera
|
|
Batting: LHB Guillermo Santos
|
0-0: Swinging Strike 0-1: Ball 1-1: Called Strike 1-2: Ball 2-2: Fly out, F8 (Flyball, 8LM)
|
Bottom of the 5th over - 2 run(s), 2 hit(s), 1 error(s), 1 left on base; Roy 7 - Quincy 8 |
TOP OF THE 6TH |
Roy Eagle Squadron batting - Pitching for Quincy Doughboys : RHP Manuel Castro
|
Batting: RHB Chad Battle
|
0-0: Called Strike 0-1: Foul Ball, location: 2F 0-2: Ball 1-2: Foul Ball, location: 2F 1-2: Ball 2-2: Foul Ball, location: 2F 2-2: Ground out 3-1 (Groundball, 34)
|
Batting: RHB Albert Valancía
|
0-0: SINGLE (Flyball, 89M)
|
Batting: LHB Kelsey Scott
|
0-0: Ball 1-0: Fly out, F8 (Flyball, 8RXD)
|
Batting: RHB Ken Miller
|
0-0: Ball 1-0: Ball 2-0: Foul Ball, location: 2F 2-1: Called Strike 2-2: Ball 3-2: Base on Balls Albert Valancía to second
|
Batting: RHB Tony Hernández
|
0-0: Called Strike 0-1: Ground out 6-3 (Groundball, 6)
|
Top of the 6th over - 0 run(s), 1 hit(s), 0 error(s), 2 left on base; Roy 7 - Quincy 8 |
BOTTOM OF THE 6TH |
Quincy Doughboys batting - Pitching for Roy Eagle Squadron : RHP José Rivera
|
Batting: RHB Joel García
|
0-0: Foul Ball, location: 2F 0-1: Ball 1-1: Called Strike 1-2: Fly out, F8 (Flyball, 8RD)
|
Batting: LHB Marv Gardner
|
0-0: Called Strike 0-1: Swinging Strike 0-2: Strikes out swinging wild pitch, reaches first!
|
Batting: RHB Marlon Hernández
|
0-0: Ball 1-0: Foul Ball, location: 2F 1-1: SINGLE (Line Drive, 78S) Marv Gardner to second
|
Batting: RHB Orlando Márquez
|
0-0: Called Strike 0-1: Called Strike 0-2: Ball 1-2: Ball 2-2: Ball 3-2: Foul Ball, location: 2F 3-2: DOUBLE (Line Drive, 7LS) Marv Gardner scores Marlon Hernández to third Runner from 3rd tries for Home, SAFE, no throw or cutoff
|
Batting: RHB Ken Sánchez
|
0-0: Ground out 5-3 (Groundball, 15S) Orlando Márquez to third
|
Batting: RHB Miguel Cervantes
|
0-0: Foul Ball, location: 2F 0-1: Foul Ball, location: 2F 0-2: Strikes out swinging
|
Bottom of the 6th over - 2 run(s), 2 hit(s), 0 error(s), 1 left on base; Roy 7 - Quincy 10 |
TOP OF THE 7TH |
Roy Eagle Squadron batting - Pitching for Quincy Doughboys : RHP Manuel Castro
|
Batting: RHB José Vidal
|
0-0: Called Strike 0-1: Ground out 5-3 (Groundball, 5)
|
Pitching: LHP Bobby MacGruder
|
|
Batting: SHB Fernando Borges
|
0-0: Fly out, F7 (Line Drive, 78M)
|
Batting: RHB Ben Ware
|
0-0: Ball 1-0: Swinging Strike 1-1: Ground out 1-3 (Groundball, 15S)
|
Top of the 7th over - 0 run(s), 0 hit(s), 0 error(s), 0 left on base; Roy 7 - Quincy 10 |
BOTTOM OF THE 7TH |
Quincy Doughboys batting - Pitching for Roy Eagle Squadron : RHP José Rivera
|
Batting: RHB Clifton Sturt
|
0-0: Fly out, F8 (Flyball, 8RM)
|
Batting: RHB Júlio Contreras
|
0-0: Ball 1-0: Ball 2-0: Foul Ball, location: 2F 2-1: Called Strike 2-2: Ball 3-2: Base on Balls
|
Batting: LHB Guillermo Santos
|
0-0: Swinging Strike 0-1: Ball Júlio Contreras steals 2nd base 1-1: Intentional Walk
|
Batting: RHB Joel García
|
0-0: Foul Ball, location: 2F 0-1: Ball 1-1: Called Strike 1-2: Grounds into double play, U6-3 (Groundball, 6M)
|
Bottom of the 7th over - 0 run(s), 0 hit(s), 0 error(s), 1 left on base; Roy 7 - Quincy 10 |
TOP OF THE 8TH |
Roy Eagle Squadron batting - Pitching for Quincy Doughboys : LHP Bobby MacGruder
|
Now at C: Wilson Ortíz
|
|
Now in CF: Miguel Medellín
|
|
Batting: SHB Alex Stewart
|
0-0: DOUBLE (Flyball, 78M)
|
Pitching: RHP Javier Franco
|
|
Batting: RHB Chad Battle
|
0-0: Ball 1-0: Called Strike 1-1: Swinging Strike 1-2: Strikes out swinging
|
Batting: RHB Albert Valancía
|
0-0: Ball 1-0: Ball 2-0: Ball 3-0: Base on Balls
|
Batting: LHB Kelsey Scott
|
0-0: Ball 1-0: Ball 2-0: Foul Ball, location: 2F 2-1: Ball 3-1: Base on Balls Alex Stewart to third Albert Valancía to second
|
Pinch Hitting: RHB Felipe Jareño
|
0-0: Foul Ball, location: 2F 0-1: Ball 1-1: Fly out, F7 (Flyball, 78XD) Runner from 3rd tags up, SCORES, no throw
|
Batting: RHB Tony Hernández
|
0-0: Ball 1-0: Ball 2-0: Called Strike 2-1: Ball 3-1: Fly out, F5 (Line Drive, 5)
|
Top of the 8th over - 1 run(s), 1 hit(s), 0 error(s), 2 left on base; Roy 8 - Quincy 10 |
BOTTOM OF THE 8TH |
Quincy Doughboys batting - Pitching for Roy Eagle Squadron : RHP José Rivera
|
Pitching: RHP Elijah Justice
|
|
Now in CF: Jorge Álvarez
|
|
Batting: LHB Marv Gardner
|
0-0: Called Strike 0-1: Ball 1-1: Foul Ball, location: 2F 1-2: Foul Ball, location: 2F 1-2: Ball 2-2: Ball 3-2: Foul Ball, location: 2F 3-2: Foul Ball, location: 2F 3-2: Foul Ball, location: 2F 3-2: Strikes out looking
|
Batting: RHB Marlon Hernández
|
0-0: DOUBLE (Line Drive, 7LS)
|
Batting: RHB Orlando Márquez
|
0-0: Intentional Walk
|
Pinch Hitting: RHB Pedro Sandoval
|
0-0: Called Strike 0-1: Ball 1-1: Swinging Strike 1-2: Strikes out swinging
|
Batting: RHB Miguel Cervantes
|
0-0: Fly out, F2 (Popup, 2LF)
|
Bottom of the 8th over - 0 run(s), 1 hit(s), 0 error(s), 2 left on base; Roy 8 - Quincy 10 |
TOP OF THE 9TH |
Roy Eagle Squadron batting - Pitching for Quincy Doughboys : RHP Javier Franco
|
Pitching: RHP Manuel Silva
|
|
Now at 2B: Toshikazu Sato
|
|
Batting: RHB José Vidal
|
0-0: Called Strike 0-1: Ball 1-1: Ground out 5-3 (Groundball, 5)
|
Batting: SHB Fernando Borges
|
0-0: Called Strike 0-1: Called Strike 0-2: DOUBLE (Line Drive, 7LS)
|
Pinch Hitting: SHB Júlio Romano
|
0-0: Ball 1-0: Ball 2-0: Ball 3-0: Base on Balls
|
Pinch Hitting: LHB Carlos Valentín
|
0-0: Foul Ball, location: 2F 0-1: Ball 1-1: Ball 2-1: SINGLE (Line Drive, 9LS) Fernando Borges to third Júlio Romano to second
|
Pinch Hitting: SHB Eduardo Sánchez
|
0-0: Swinging Strike 0-1: Foul Ball, location: 2F 0-2: SINGLE (Line Drive, 34D) Fernando Borges scores Júlio Romano to third Carlos Valentín to second Runner from 3rd tries for Home, SAFE, no throw or cutoff
|
Pinch Hitting: LHB Alarico Sloet tot Everlo
|
0-0: Ball 1-0: Ball 2-0: Foul Ball, location: 2F 2-1: Ball 3-1: Base on Balls Carlos Valentín to third Eduardo Sánchez to second
|
Batting: LHB Kelsey Scott
|
0-0: Ball 1-0: Ball 2-0: Ball 3-0: Called Strike 3-1: Base on Balls Carlos Valentín scores Eduardo Sánchez to third Alarico Sloet tot Everlo to second
|
Pitching: RHP Miguel Chávez
|
|
Pinch Hitting: SHB Emílio Romero
|
0-0: Foul Ball, location: 2F 0-1: Called Strike 0-2: DOUBLE (Groundball, 3L) Eduardo Sánchez scores Alarico Sloet tot Everlo scores Kelsey Scott to third Runner from 3rd tries for Home, SAFE, no throw or cutoff
|
Batting: RHB Tony Hernández
|
0-0: Foul Ball, location: 2F 0-1: Called Strike 0-2: Ball Wild Pitch! Emílio Romero to third 1-2: Ball 2-2: Foul Ball, location: 2F 2-2: SINGLE (Flyball, 7M) Emílio Romero scores
|
Batting: RHB José Vidal
|
0-0: Fly out, F9 (Flyball, 9M)
|
Batting: SHB Fernando Borges
|
0-0: SINGLE (Flyball, 78S) Tony Hernández to second
|
Batting: SHB Júlio Romano
|
0-0: Foul Ball, location: 2F 0-1: Ball 1-1: Ball 2-1: Called Strike 2-2: Ball 3-2: Base on Balls Tony Hernández to third Fernando Borges to second
|
Batting: LHB Carlos Valentín
|
0-0: Ball 1-0: Called Strike 1-1: Foul Ball, location: 2F 1-2: Ball 2-2: Foul Ball, location: 2F 2-2: Foul Ball, location: 2F 2-2: Strikes out swinging
|
Top of the 9th over - 7 run(s), 6 hit(s), 0 error(s), 3 left on base; Roy 15 - Quincy 10 |
BOTTOM OF THE 9TH |
Quincy Doughboys batting - Pitching for Roy Eagle Squadron : RHP Elijah Justice
|
Now at C: Emílio Romero
|
|
Now at 1B: Carlos Valentín
|
|
Now in LF: Dan Ross
|
|
Now in CF: Oliver Sánchez
|
|
Now in RF: Júlio Romano
|
|
Batting: RHB Wilson Ortíz
|
0-0: Ground out 4-3 (Groundball, 4M)
|
Batting: RHB Júlio Contreras
|
0-0: Foul Ball, location: 2F 0-1: Called Strike 0-2: Ball 1-2: Strikes out swinging, 2-3 out at first.
|
Batting: LHB Miguel Medellín
|
0-0: Called Strike 0-1: Swinging Strike 0-2: Strikes out swinging
|
Bottom of the 9th over - 0 run(s), 0 hit(s), 0 error(s), 0 left on base; Roy 15 - Quincy 10 |
|